 Dungeon Crawl Stone Soup version 0.27.0-1-g7a089689b8 (webtiles) character file.

Game seed: 5394372068255723900

41 EnegeticOcto the Skirmisher (level 3, -4/33 HPs)
             Began as a Minotaur Fighter on Aug 8, 2021.
             Slain by Natasha (6 damage)
             ... on level 2 of the Dungeon.
             The game lasted 00:00:17 (895 turns).

EnegeticOcto the Skirmisher (Minotaur Fighter)       Turns: 895, Time: 00:00:18

Health: -4/33      AC:  9    Str: 21    XL:     3   Next: 32%
Magic:  2/2        EV:  5    Int:  5    God:
Gold:   57         SH:  9    Dex:  9    Spells: 2/2 levels left

rFire    . . .     SeeInvis .   a - +0 war axe
rCold    . . .     Faith    .   c - +0 kite shield
rNeg     . . .     Spirit   .   g - +0 chain mail
rPois    .         Reflect  .   (helmet restricted)
rElec    .         Harm     .   (no cloak)
rCorr    .         Rampage  .   (no gloves)
Will     .....                  (no boots)
Stlth    ..........             (no amulet)
HPRegen  0.11/turn              (no ring)
MPRegen  0.08/turn              (no ring)

@: slowed, very slow
A: horns 2, retaliatory headbutt
a: no special abilities


You were on level 2 of the Dungeon.
You visited 1 branch of the dungeon, and saw 2 of its levels.

You collected 57 gold pieces.

Inventory:

Hand Weapons
 a - a +0 war axe (weapon)
Armour
 b - a +0 scale mail
 c - a +0 kite shield (worn)
 g - a +0 chain mail (worn)
Scrolls
 e - a scroll of teleportation {unknown}
Potions
 d - a potion of might {@q3}
 f - a potion of heal wounds {unknown}


   Skills:
 + Level 4.0 Fighting
 * Level 3.5 Axes
 + Level 4.0 Armour
 + Level 4.0 Shields


You had 2 spell levels left.
You didn't know any spells.
Your spell library was empty.

Dungeon Overview and Level Annotations

Branches:
Dungeon (2/15)

Altars:

Annotations:
D:2 Natasha


Innate Abilities, Weirdness & Mutations

You have a pair of horns on your head.
You reflexively headbutt those who attack you in melee.


Message History

Items here: )) [ †.
A ball python comes into view.
A ball python is nearby!
A ball python is nearby!
A ball python is nearby!
A ball python is nearby!
A ball python is nearby!
A ball python is nearby!
You block the ball python's attack. x2
Found a stone staircase leading down.
You slash the ball python!
You kill the ball python!
No target in view!
No target in view!
No target in view!
No target in view!
No target in view!
No target in view!
Natasha, Servant of Life and Death comes into view.
Natasha is nearby!
Natasha is nearby!
Natasha is nearby!
Natasha is nearby!
Natasha is nearby!
Natasha hisses angrily.
You see here a ball python corpse.
Natasha mumbles some strange words.
You feel disoriented.
A ball python comes into view.
The ball python hisses angrily.
Natasha claws you but does no damage.
A frilled lizard comes into view.
Found a scroll labelled RERYSA TASH.
You closely miss Natasha.
The frilled lizard hisses angrily.
You headbutt Natasha!
Natasha is heavily wounded.
Natasha claws you.
Your shield and chain mail prevent you from hitting Natasha.
Natasha is heavily wounded.
Natasha claws you. Natasha claws you but does no damage.
You barely miss Natasha. Your headbutt misses Natasha.
Natasha is heavily wounded.
The ball python bites you but does no damage.
You block the ball python's attack. Natasha claws you.
The ball python barely misses you. The ball python grabs you.
The ball python constricts you.
You are too injured to fight recklessly!
You are too injured to fight recklessly!
You are too injured to fight recklessly!
You are too injured to fight recklessly!
You are too injured to fight recklessly!
You are too injured to fight recklessly!
You are too injured to fight recklessly!
You are too injured to fight recklessly!
You are too injured to fight recklessly!
You are too injured to fight recklessly!
There are monsters nearby!
There are monsters nearby!
You hit Natasha.
Natasha is severely wounded.
Your shield and chain mail prevent you from hitting the ball python.
You block Natasha's attack.
The ball python bites you but does no damage.
The ball python constricts you. Natasha casts a spell at you.
The magic dart hits you but does no damage.
The ball python bites you but does no damage.
The ball python constricts you.
You hit Natasha but do no damage.
Natasha is severely wounded.
You slash the ball python!
You kill the ball python!
Natasha stares at you and mumbles some strange words.
The magic dart hits you. Natasha claws you but does no damage.
The frilled lizard bites you but does no damage.
You hit Natasha but do no damage. Your headbutt misses Natasha.
Natasha is severely wounded.
You closely miss the frilled lizard. You block the frilled lizard's attack.
Natasha mumbles some strange words.
You barely miss Natasha.
Natasha is severely wounded.
You closely miss the frilled lizard. You block Natasha's attack.
You block the frilled lizard's attack.
Natasha stares at you and mumbles some strange words.
You feel yourself slow down.
The frilled lizard bites you but does no damage.
You closely miss Natasha.
Natasha is severely wounded.
You miss the frilled lizard. Natasha claws you.
* * * LOW HITPOINT WARNING * * *
You block the frilled lizard's attack. The frilled lizard bites you.
* * * LOW HITPOINT WARNING * * *
Natasha casts a spell at you. The magic dart hits you.
* * * LOW HITPOINT WARNING * * *
You hit Natasha but do no damage.
Natasha is severely wounded.
You barely miss the frilled lizard. Natasha claws you.
You die...

#†###### #......#
#)####.# #.# #.####
#.# #....##### #.#
####.#...# #†#
####.#.#.#### #.#
#......<.....
#@####.##########.
......lh##.........#
.......5##########.#
......... ?......>.
..........
..........
...........


You could see Natasha, a crimson imp (summoned) and a frilled lizard.

Vanquished Creatures
  Terence (D:2)
  2 dart slugs
  A bat (D:2)
  A goblin (D:1)
  A hobgoblin (D:1)
  A kobold (D:2)
  4 ball pythons
  2 rats (D:1)
13 creatures vanquished.

Notes
Turn   | Place    | Note
-------+----------+-------------------------------------------
     0 | D:1      | EnegeticOcto the Minotaur Fighter began the quest for the
                  | Orb.
     0 | D:1      | Reached XP level 1. HP: 19/19 MP: 0/0
   506 | D:1      | Reached XP level 2. HP: 27/27 MP: 1/1
   815 | D:2      | Noticed Terence
   826 | D:2      | Killed Terence
   827 | D:2      | Reached XP level 3. HP: 18/33 MP: 2/2
   883 | D:2      | Noticed Natasha
   895 | D:2      | Slain by Natasha

Illustrated notes

Levels and vault maps discovered:
D:1:      saegor_arrival_simple_c, layout_basic
D:2:      layout_basic, uniq_terence, uniq_natasha

Skill      XL: |  1  2 |
---------------+-------+-----
Axes           | 3 |  3.5
Fighting       | 4 |  4.0
Armour         | 4 |  4.0
Shields        | 4 |  4.0

Action                   || total
-------------------------++-------
Melee: War axe           ||    35
       Headbutt          ||     6
Armor: Scale mail        ||     6
       Chain mail        ||    12
Dodge: Dodged            ||     8
Block: Kite shield       ||    22
